A
ORLANDO BLACKBIRDS @ MACKINAC ISLAND MUSKRATS
04/22/2060
 
TOP OF THE 1ST
Orlando Blackbirds batting - Pitching for Mackinac Island Muskrats : LHP Riley Martinek
Pitching: LHP Riley Martinek
Batting: RHB Oscar Wilson 0-0: Called Strike
0-1: Swinging Strike
0-2: Ball
1-2: Foul Ball, location: 2F
1-2: Foul Ball, location: 2F
1-2: SINGLE (Groundball, 34D, EV 93.8 MPH)
Batting: RHB Alden Bradley 0-0: Ball
1-0: Foul Ball, location: 2F
1-1: Ball
Oscar Wilson steals 2nd base (no throw)
2-1: Fly out, F8 (Flyball, 89M, EV 87.5 MPH)
Batting: RHB Braden Sacks 0-0: Ball
1-0: Ball
2-0: Called Strike
2-1: Swinging Strike
2-2: Fly out, F9 (Flyball, 89S, EV 80.0 MPH)
Batting: RHB Randy Wassell 0-0: Called Strike
0-1: Called Strike
0-2: Strikes out swinging
Top of the 1st over - 0 runs, 1 hit, 0 errors, 1 left on base; Orlando 0 - Mackinac Island 0
BOTTOM OF THE 1ST
Mackinac Island Muskrats batting - Pitching for Orlando Blackbirds : RHP Benjamin Nolan
Pitching: RHP Benjamin Nolan
Batting: RHB Kentarious Peckham 0-0: Ball
1-0: Ball
2-0: Called Strike
2-1: Ball
3-1: Base on Balls
Batting: RHB Terry Scott 0-0: Called Strike
0-1: SINGLE (Groundball, 4D, EV 106.2 MPH)
Kentarious Peckham to second
Runner from 2nd tries for 3rd, SAFE, throw by CF made at trailing runner, OUT! 8-6
Batting: LHB Walter Lynch 0-0: Called Strike
0-1: Ball
1-1: Ball
2-1: Ball
3-1: Called Strike
3-2: Foul Ball, location: 2F
3-2: Base on Balls
Batting: LHB Kameron Nelson 0-0: Called Strike
0-1: Ball
1-1: Foul Ball, location: 2F
1-2: Ball
2-2: SINGLE (Groundball, 4D, EV 96.2 MPH)
Kentarious Peckham scores
Walter Lynch to second
Runner from 2nd tries for 3rd, OUT! 8-5
Kameron Nelson to second
Batting: RHB Kyle Hobbs 0-0: Ball
1-0: SINGLE (Flyball, 4D, EV 82.5 MPH)
Kameron Nelson to third
Batting: LHB John Marshall 0-0: Swinging Strike
0-1: Ball
1-1: Ground out 4-3 (Groundball, 4, EV 81.9 MPH)
Bottom of the 1st over - 1 run, 3 hits, 0 errors, 2 left on base; Orlando 0 - Mackinac Island 1
TOP OF THE 2ND
Orlando Blackbirds batting - Pitching for Mackinac Island Muskrats : LHP Riley Martinek
Batting: RHB Logan Rodacker 0-0: Ball
1-0: Ball
2-0: Called Strike
2-1: Ball
3-1: Base on Balls
Batting: SHB Conor Coleman 0-0: Called Strike
0-1: Foul Ball, location: 2F
0-2: Ball
1-2: Foul Ball, location: 2F
1-2: Foul Ball, location: 2F
1-2: Strikes out swinging
Batting: LHB Aiden Hill 0-0: Swinging Strike
0-1: Called Strike
0-2: Ball
1-2: Strikes out looking
Batting: RHB Billy Ojala 0-0: Called Strike
0-1: Fly out, F9 (Flyball, 9LSF, EV 87.5 MPH)
Top of the 2nd over - 0 runs, 0 hits, 0 errors, 1 left on base; Orlando 0 - Mackinac Island 1
BOTTOM OF THE 2ND
Mackinac Island Muskrats batting - Pitching for Orlando Blackbirds : RHP Benjamin Nolan
Batting: RHB Peyton Epps 0-0: Fly out, F8 (Flyball, 8LD, EV 99.4 MPH)
Batting: RHB Gavin Sawicki 0-0: Ball
1-0: Ball
2-0: Ground out 5-3 (Groundball, 56, EV 88.8 MPH)
Batting: SHB Don Hodgson 0-0: Ball
1-0: Foul Ball, location: 2F
1-1: Ball
2-1: SINGLE (Groundball, 6M, EV 105.0 MPH) (infield hit)
Batting: RHB Kentarious Peckham 0-0: Ground out 1-3 (Groundball, 13S, EV 72.5 MPH)
Bottom of the 2nd over - 0 runs, 1 hit, 0 errors, 1 left on base; Orlando 0 - Mackinac Island 1
TOP OF THE 3RD
Orlando Blackbirds batting - Pitching for Mackinac Island Muskrats : LHP Riley Martinek
Batting: SHB Kenny Goss 0-0: Ball
1-0: Swinging Strike
1-1: Ground out 6-3 (Groundball, 6, EV 85.0 MPH)
Batting: RHB Oscar Wilson 0-0: Ball
1-0: Ball
2-0: Fly out, F7 (Line Drive, 7LS, EV 85.0 MPH)
Batting: RHB Alden Bradley 0-0: Ball
1-0: Called Strike
1-1: Foul Ball, location: 2F
1-2: Ball
2-2: Strikes out swinging
Top of the 3rd over - 0 runs, 0 hits, 0 errors, 0 left on base; Orlando 0 - Mackinac Island 1
BOTTOM OF THE 3RD
Mackinac Island Muskrats batting - Pitching for Orlando Blackbirds : RHP Benjamin Nolan
Batting: RHB Terry Scott 0-0: Ball
1-0: Called Strike
1-1: Ball
2-1: DOUBLE (Line Drive, 5D, EV 108.8 MPH)
Batting: LHB Walter Lynch 0-0: Ball
1-0: Foul Ball, location: 2F
1-1: Swinging Strike
1-2: Ball
2-2: Strikes out looking
Batting: LHB Kameron Nelson 0-0: Ball
1-0: Swinging Strike
1-1: Ball
2-1: Ball
3-1: SINGLE (Flyball, 7LS, EV 96.9 MPH)
Terry Scott to third
Runner from 3rd tries for Home, SAFE, throw by LF to home
Batting: RHB Kyle Hobbs 0-0: SINGLE (Groundball, 25, EV 69.4 MPH) (infield hit)
Kameron Nelson to second
Batting: LHB John Marshall 0-0: Ball
1-0: Reached on error, E3 (Groundball, 34, EV 89.4 MPH)
Kameron Nelson to third
Kyle Hobbs to second
Batting: RHB Peyton Epps 0-0: Called Strike
0-1: Called Strike
0-2: Strikes out swinging
Batting: RHB Gavin Sawicki 0-0: Ball
1-0: Ball
Wild Pitch!
Kameron Nelson scores
Kyle Hobbs to third
John Marshall to second
2-0: Called Strike
2-1: Called Strike
2-2: Foul Ball, location: 2F
2-2: Ball
3-2: Foul Ball, location: 2F
3-2: Foul Ball, location: 2F
3-2: Fly out, F9 (Flyball, 9D, EV 91.2 MPH)
Bottom of the 3rd over - 2 runs, 3 hits, 1 error, 2 left on base; Orlando 0 - Mackinac Island 3
TOP OF THE 4TH
Orlando Blackbirds batting - Pitching for Mackinac Island Muskrats : LHP Riley Martinek
Batting: RHB Braden Sacks 0-0: Called Strike
0-1: Foul Ball, location: 2F
0-2: Fly out, F7 (Flyball, 78S, EV 91.2 MPH)
Batting: RHB Randy Wassell 0-0: Ball
1-0: Ball
2-0: Ball
3-0: Base on Balls
Batting: RHB Logan Rodacker 0-0: Ball
1-0: Called Strike
1-1: Foul Ball, location: 2F
1-2: 2-RUN HOME RUN (Flyball, 7D, EV 98.8 MPH), Distance : 367 ft
Batting: SHB Conor Coleman 0-0: Called Strike
0-1: Called Strike
0-2: Hit by Pitch
Batting: LHB Aiden Hill 0-0: Ball
1-0: Foul Ball, location: 2F
1-1: SINGLE (Line Drive, 7LS, EV 93.1 MPH)
Conor Coleman to second
Batting: RHB Billy Ojala 0-0: Foul Ball, location: 2F
0-1: Swinging Strike
0-2: Ball
1-2: Strikes out swinging
Batting: SHB Kenny Goss 0-0: Foul Ball, location: 2F
0-1: Foul Ball, location: 2F
0-2: Ball
1-2: Foul Ball, location: 2F
1-2: Strikes out swinging
Top of the 4th over - 2 runs, 2 hits, 0 errors, 2 left on base; Orlando 2 - Mackinac Island 3
BOTTOM OF THE 4TH
Mackinac Island Muskrats batting - Pitching for Orlando Blackbirds : RHP Benjamin Nolan
Batting: SHB Don Hodgson 0-0: Fly out, F8 (Flyball, 89S, EV 92.5 MPH)
Batting: RHB Kentarious Peckham 0-0: Called Strike
0-1: Ball
1-1: SINGLE (Flyball, 6D, EV 88.8 MPH)
Batting: RHB Terry Scott 0-0: Foul Ball, location: 2F
0-1: Grounds into double play, 6-4-3 (Groundball, 6, EV 100.6 MPH)
Bottom of the 4th over - 0 runs, 1 hit, 0 errors, 0 left on base; Orlando 2 - Mackinac Island 3
TOP OF THE 5TH
Orlando Blackbirds batting - Pitching for Mackinac Island Muskrats : LHP Riley Martinek
Batting: RHB Oscar Wilson 0-0: Called Strike
0-1: Foul Ball, location: 2F
0-2: Ball
1-2: Ball
2-2: Ground out 4-3 (Groundball, 4, EV 109.4 MPH)
Batting: RHB Alden Bradley 0-0: Foul Ball, location: 2F
0-1: Foul Ball, location: 2F
0-2: Strikes out swinging
Batting: RHB Braden Sacks 0-0: Ball
1-0: Ball
2-0: Foul Ball, location: 2F
2-1: Ball
3-1: Foul Ball, location: 2F
3-2: Foul Ball, location: 2F
3-2: Foul Ball, location: 2F
3-2: Ground out 6-3 (Groundball, 6, EV 77.5 MPH)
Top of the 5th over - 0 runs, 0 hits, 0 errors, 0 left on base; Orlando 2 - Mackinac Island 3
BOTTOM OF THE 5TH
Mackinac Island Muskrats batting - Pitching for Orlando Blackbirds : RHP Benjamin Nolan
Batting: LHB Walter Lynch 0-0: Ball
1-0: Ball
2-0: Ball
3-0: Base on Balls
Batting: LHB Kameron Nelson 0-0: Ball
1-0: Fielders Choice at 2nd, 6-4 (Groundball, 6D, EV 102.5 MPH)
Batting: RHB Kyle Hobbs 0-0: Called Strike
0-1: Ball
1-1: Fly out, F4 (Line Drive, 4, EV 70.6 MPH)
Batting: LHB John Marshall 0-0: Foul Ball, location: 2F
0-1: Swinging Strike
0-2: Strikes out swinging
Bottom of the 5th over - 0 runs, 0 hits, 0 errors, 1 left on base; Orlando 2 - Mackinac Island 3
TOP OF THE 6TH
Orlando Blackbirds batting - Pitching for Mackinac Island Muskrats : LHP Riley Martinek
Pitching: LHP Mitch Paradise
Batting: RHB Randy Wassell 0-0: Ball
1-0: Foul Ball, location: 2F
1-1: Foul Ball, location: 2F
1-2: Ball
2-2: Ball
3-2: Strikes out looking
Batting: RHB Logan Rodacker 0-0: Ball
1-0: Ball
2-0: Ball
3-0: Base on Balls
Batting: SHB Conor Coleman 0-0: Called Strike
0-1: Fly out, F7 (Flyball, 7LD, EV 100.0 MPH)
Batting: LHB Aiden Hill 0-0: Ball
1-0: Foul Ball, location: 2F
1-1: Called Strike
1-2: Ball
2-2: Ground out 4-3 (Groundball, 4, EV 90.6 MPH)
Top of the 6th over - 0 runs, 0 hits, 0 errors, 1 left on base; Orlando 2 - Mackinac Island 3
BOTTOM OF THE 6TH
Mackinac Island Muskrats batting - Pitching for Orlando Blackbirds : RHP Benjamin Nolan
Batting: RHB Peyton Epps 0-0: Ball
1-0: Fly out, F7 (Flyball, 7, EV 73.1 MPH)
Batting: RHB Gavin Sawicki 0-0: Fly out, F9 (Flyball, 9, EV 91.2 MPH)
Batting: SHB Don Hodgson 0-0: Foul Ball, location: 2F
0-1: Ball
1-1: Foul Ball, location: 2F
1-2: SINGLE (Line Drive, 7LS, EV 85.0 MPH)
Batting: RHB Kentarious Peckham 0-0: Swinging Strike
0-1: Fielders Choice at 2nd, 5-4 (Groundball, 5, EV 76.9 MPH)
Bottom of the 6th over - 0 runs, 1 hit, 0 errors, 1 left on base; Orlando 2 - Mackinac Island 3
TOP OF THE 7TH
Orlando Blackbirds batting - Pitching for Mackinac Island Muskrats : LHP Mitch Paradise
Now at 1B: Devin Culwell
Batting: RHB Billy Ojala 0-0: Ball
1-0: SINGLE (Line Drive, 4MD, EV 100.6 MPH)
Batting: SHB Kenny Goss 0-0: Sac Bunt to P - play at first, batter safe!
Billy Ojala to second
Pinch Runner at 2nd AKeem Suharto:
Batting: RHB Oscar Wilson 0-0: Sac Bunt to 13S - play at first, batter OUT! 1-4
AKeem Suharto to third
Kenny Goss to second
Batting: RHB Alden Bradley 0-0: Foul Ball, location: 2F
0-1: Ball
1-1: Foul Ball, location: 2F
1-2: Strikes out swinging
Pitching: RHP Tanner Rae
Batting: RHB Braden Sacks 0-0: Ball
1-0: Swinging Strike
1-1: Ball
2-1: Called Strike
2-2: Strikes out swinging
Top of the 7th over - 0 runs, 2 hits, 0 errors, 2 left on base; Orlando 2 - Mackinac Island 3
BOTTOM OF THE 7TH
Mackinac Island Muskrats batting - Pitching for Orlando Blackbirds : RHP Benjamin Nolan
Batting: RHB Terry Scott 0-0: Called Strike
0-1: SINGLE (Line Drive, 89S, EV 103.8 MPH)
Batting: LHB Walter Lynch 0-0: Foul Ball, location: 2F
0-1: Ball
1-1: Swinging Strike
1-2: Grounds into double play, 4-6-3 (Groundball, 4, EV 90.6 MPH)
Batting: LHB Kameron Nelson 0-0: Ball
1-0: Ball
2-0: Foul Ball, location: 2F
2-1: Ball
3-1: Base on Balls
Pitching: LHP Judson Mulefu
Batting: RHB Kyle Hobbs 0-0: Called Strike
0-1: Ball
1-1: Called Strike
1-2: Ball
2-2: Ball
3-2: Base on Balls
Kameron Nelson to second
Batting: RHB Devin Culwell 0-0: Ball
1-0: Ball
2-0: Ball
3-0: Base on Balls
Kameron Nelson to third
Kyle Hobbs to second
Batting: RHB Peyton Epps 0-0: Swinging Strike
0-1: Foul Ball, location: 2F
0-2: Foul Ball, location: 2F
0-2: Ball
1-2: Strikes out swinging
Bottom of the 7th over - 0 runs, 1 hit, 0 errors, 3 left on base; Orlando 2 - Mackinac Island 3
TOP OF THE 8TH
Orlando Blackbirds batting - Pitching for Mackinac Island Muskrats : RHP Tanner Rae
Batting: RHB Randy Wassell 0-0: Ball
1-0: Ball
2-0: Ball
3-0: Base on Balls
Pinch Hitting: LHB Jim Milano 0-0: Ball
1-0: SINGLE (Line Drive, 6MD, EV 96.2 MPH)
Randy Wassell to second
Runner from 2nd tries for 3rd, SAFE, throw by CF made to third
Batting: SHB Conor Coleman 0-0: Ball
1-0: Called Strike
1-1: Ball
2-1: Foul Ball, location: 2F
2-2: Ball
3-2: Ground out 6-3 (Groundball, 6, EV 83.8 MPH)
Jim Milano to second
Batting: LHB Aiden Hill 0-0: Ball
1-0: Ball
2-0: Swinging Strike
2-1: Swinging Strike
2-2: Strikes out swinging
Batting: RHB Billy Wright 0-0: Ball
1-0: Ball
2-0: Called Strike
2-1: Foul Ball, location: 2F
2-2: Ball
3-2: SINGLE (Line Drive, 89S, EV 105.6 MPH)
Randy Wassell scores
Jim Milano to third
Runner from 3rd tries for Home, SAFE, throw by CF to home
Pitching: LHP Medgar Caba
Batting: SHB Kenny Goss 0-0: Ball
1-0: Ball
2-0: Called Strike
2-1: Foul Ball, location: 2F
2-2: Ball
3-2: Base on Balls
Billy Wright to second
Batting: RHB Oscar Wilson 0-0: Called Strike
0-1: SINGLE (Groundball, 4MD, EV 93.8 MPH)
Billy Wright to third
Kenny Goss to second
Runner from 3rd tries for Home, SAFE, throw by CF to home
Batting: RHB Alden Bradley 0-0: Ball
1-0: Ball
2-0: Ball
3-0: Called Strike
3-1: Swinging Strike
3-2: Strikes out swinging
Top of the 8th over - 3 runs, 3 hits, 0 errors, 2 left on base; Orlando 5 - Mackinac Island 3
BOTTOM OF THE 8TH
Mackinac Island Muskrats batting - Pitching for Orlando Blackbirds : LHP Judson Mulefu
Now at 1B: Conor Coleman
Now at 2B: Adrian Zabel
Now at 3B: Garick Rieck
Now in RF: Reynold Chimanga
Batting: RHB Gavin Sawicki 0-0: Swinging Strike
0-1: Ground out 5-3 (Groundball, 56S, EV 75.6 MPH)
Batting: SHB Don Hodgson 0-0: Ball
1-0: Fly out, F7 (Line Drive, 7S, EV 85.0 MPH)
Batting: RHB Kentarious Peckham 0-0: Called Strike
0-1: Called Strike
0-2: Strikes out swinging
Bottom of the 8th over - 0 runs, 0 hits, 0 errors, 0 left on base; Orlando 5 - Mackinac Island 3
TOP OF THE 9TH
Orlando Blackbirds batting - Pitching for Mackinac Island Muskrats : LHP Medgar Caba
Batting: RHB Braden Sacks 0-0: Ball
1-0: Called Strike
1-1: Swinging Strike
1-2: Ball
2-2: Ground out 6-3 (Groundball, 6S, EV 91.2 MPH)
Batting: RHB Randy Wassell 0-0: Called Strike
0-1: Foul Ball, location: 2F
0-2: Strikes out swinging
Batting: RHB Garick Rieck 0-0: Foul Ball, location: 2F
0-1: Ball
1-1: Swinging Strike
1-2: Ball
2-2: Ball
3-2: Strikes out looking
Top of the 9th over - 0 runs, 0 hits, 0 errors, 0 left on base; Orlando 5 - Mackinac Island 3
BOTTOM OF THE 9TH
Mackinac Island Muskrats batting - Pitching for Orlando Blackbirds : LHP Judson Mulefu
Pitching: RHP Blake Gordon
Batting: RHB Terry Scott 0-0: Swinging Strike
0-1: Foul Ball, location: 2F
0-2: SINGLE (Groundball, 6D, EV 103.1 MPH)
Batting: LHB Walter Lynch 0-0: Ball
Wild Pitch!
Terry Scott to second
1-0: DOUBLE (Groundball, 3L, EV 105.0 MPH)
Terry Scott scores
Batting: LHB Kameron Nelson 0-0: Ball
1-0: Called Strike
1-1: Foul Ball, location: 2F
1-2: Ball
2-2: Hit by Pitch
Batting: RHB Kyle Hobbs 0-0: Foul Ball, location: 2F
0-1: Ball
1-1: Ball
2-1: Fly out, F9 (Flyball, 89M, EV 86.9 MPH)
Pinch Hitting: RHB Jarvis Woulard 0-0: Ball
Wild Pitch!
Walter Lynch to third
Kameron Nelson to second
1-0: Intentional Walk
Pinch Hitting: RHB Dillon Todd 0-0: Swinging Strike
0-1: Ball
1-1: Foul Ball, location: 2F
1-2: Foul Ball, location: 2F
1-2: Strikes out looking
Pinch Hitting: RHB Ryan Whiting 0-0: Ground out U3 (Groundball, 34, EV 103.8 MPH)
Bottom of the 9th over - 1 run, 2 hits, 0 errors, 3 left on base; Orlando 5 - Mackinac Island 4
Monday, April 29th , 2024 - OOTP Baseball 23.10 Build 110